 Dungeon Crawl Stone Soup version 0.25.0-9-g26727b657a (webtiles) character file.

Game seed: 10602255284454900721

19919 Aviak the Nimble (level 12, 0/80 HPs)
             Began as a Tengu Ice Elementalist on June 17, 2020.
             Was a Priest of Yredelemnul.
             Slain by a polar bear (1 damage)
             ... in an ice cave.
             The game lasted 00:34:44 (16777 turns).

Aviak the Nimble (Tengu Ice Elementalist)          Turns: 16777, Time: 00:34:45

Health: 0/80       AC:  9    Str:  8    XL:     12   Next: 74%
Magic:  12/17      EV: 19    Int: 18    God:    Yredelemnul [***...]
Gold:   474        SH: 14    Dex: 21    Spells: 6/17 levels left

rFire    . . .     SeeInvis +   L - +5 spear (flame)
rCold    + . .     Gourm    .   h - +1 kite shield {reflect}
rNeg     . . .     Faith    .   f - +0 swamp dragon scales {rPois}
rPois    +         Spirit   .   (helmet restricted)
rElec    .         Reflect  +   (no cloak)
rCorr    .         Harm     .   A - +1 pair of gloves {Dex+3}
MR       +....     Clarity  +   (boots unavailable)
Stlth    ++........             K - amulet of reflection
HPRegen  0.23/turn              C - ring of protection from cold
MPRegen  0.15/turn              M - ring of protection from magic

@: flying quickly and evasively, very slightly contaminated, quick
A: antennae 1, beak, talons 3, see invisible, clarity, able to fly
a: Stop Flying, Recall Undead Slaves, Injury Mirror, Animate Dead, Renounce
Religion


You were in an ice cave.
You worshipped Yredelemnul.
Yredelemnul was most pleased with you.
You were hungry.

You visited 2 branches of the dungeon, and saw 14 of its levels.
You also visited: Bailey and Ice Cave.

You collected 474 gold pieces.

Inventory:

Hand Weapons
 z - a +2 whip of flaming
 L - a +5 spear of flaming (weapon)
Armour
 e - a +2 troll leather armour {Snorg}
 f - +0 swamp dragon scales (worn) {rPois}
 h - a +1 kite shield of reflection (worn)
 A - a +1 pair of gloves of dexterity (worn)
 I - a +1 robe of magic resistance
Jewellery
 C - a ring of protection from cold (left hand)
 F - an uncursed ring of protection from fire
 K - an amulet of reflection (around neck)
 M - a ring of protection from magic (right hand)
 N - an uncursed ring of stealth
Wands
 n - a wand of iceblast (2)
 q - a wand of flame (6)
 s - a wand of random effects (33)
 x - a wand of polymorph (5)
 J - a wand of paralysis (6)
Scrolls
 a - a scroll of fear {unknown}
 d - 7 scrolls of magic mapping
 i - a scroll of summoning {unknown}
 j - a scroll of noise {unknown}
 p - a scroll of amnesia {unknown}
 r - 5 scrolls of remove curse
 t - 6 scrolls of teleportation
 w - 3 scrolls of enchant weapon {unknown}
 y - 3 scrolls of fog {unknown}
 H - a scroll of blinking {unknown}
Potions
 b - 2 potions of resistance
 c - 2 potions of curing
 g - 3 potions of brilliance
 B - a potion of berserk rage {unknown}
 G - a potion of might {unknown}
Comestibles
 u - 24 rations


   Skills:
 - Level 11.3 Fighting
 + Level 7.6 Polearms
 - Level 12.5 Dodging
 - Level 2.0 Stealth
 + Level 1.3 Shields
 - Level 3.2 Spellcasting
 - Level 8.0 Conjurations
 - Level 6.6 Ice Magic
 - Level 5.1 Invocations


You had 6 spell levels left.
You knew the following spells:

 Your Spells              Type           Power        Failure   Level  Hunger
a - Freeze                Ice            ####         19%         1    None
b - Frozen Ramparts       Ice            ####..       50%         3    ###....
c - Ozocubu's Armour      Chrm/Ice       ##......     92%         3    ###....
d - Hailstorm             Conj/Ice       ####....     82%         4    ####...

Your spell library contained the following spells:

 Spells                   Type           Power        Failure   Level  Hunger
 Corona                   Hex            #......      96%         1    None
 Slow                     Hex            #.......     99%         2    ##.....
 Confusing Touch          Hex            #.......     100%        3    ###....
 Gell's Gravitas          Tloc           #.........   100%        3    ###....
 Inner Flame              Hex/Fire       #.......     100%        3    ###....
 Portal Projectile        Hex/Tloc       #.....       100%        3    ###....
 Cause Fear               Hex            #.........   100%        4    ####...
 Leda's Liquefaction      Hex/Erth       #.........   100%        4    ####...
 Petrify                  Tmut/Erth      #.......     100%        4    ####...
 Summon Ice Beast         Ice/Summ       ##......     100%        4    ####...
 Metabolic Englaciation   Hex/Ice        ##........   100%        5    ######.
 Yara's Violent Unravell  Hex/Tmut       #.........   100%        5    ######.


Dungeon Overview and Level Annotations

Branches:
Dungeon (13/15)            Temple (0/1) D:7            Lair (1/6) D:11
    Orc (0/2) D:9          Bailey (visited)           IceCv (1/1)
 Vaults: D:13-14

Altars:
Dithmenos
Fedhas
Gozag
Makhleb
Nemelex Xobeh
Trog
Vehumet
Yredelemnul
Zin

Shops:
D:4 %   D:5 %

Annotations:
D:10 2 transporters, exclusions: ice statue and orange crystal statue, Raspi's ghost, novice MfSk


Innate Abilities, Weirdness & Mutations

You have a beak for a mouth.
You have claws for feet.
You can fly continuously.
You have a pair of small antennae on your head.
You have supernaturally acute eyesight. (SInv)
You possess an exceptional clarity of mind.


Message History

The polar bear is almost dead.
The polar bear bites you! You block the polar bear's attack.
The polar bear barely misses you.
You completely miss the polar bear. Your kick misses the polar bear.
The polar bear is almost dead.
You block the polar bear's attack. The polar bear claws you.
The polar bear barely misses you.
Casting: Frozen Ramparts (dangerous; 50% risk of failure)
Confirm with . or Enter, or press ? or * to list all spells.
You miscast Frozen Ramparts.
You are very lightly contaminated with residual magic.
Nothing appears to happen.
You are feeling hungry.
You block the polar bear's attack.
The polar bear claws you but does no damage. x2
The polar bear bites you!!
* * * LOW HITPOINT WARNING * * *
The polar bear misses you. The polar bear claws you.
You die...
Your body rises from the dead as a mindless zombie.

###...#. #
##..#.... #.
#..####.. ##.
#°.###..# ##..
##...##..# #..####
##°°.##...#
#..#..##
#☼○.####...
#h#...#####.#.####.
##@##...##.#.## ##
#######....## #
######


You could see a polar bear (berserk).

Vanquished Creatures
  Snorg (D:13)
  A hydra (D:8)
  Harold (D:11)
  3 two-headed ogres
  A skeletal warrior (D:12)
  An unseen horror (D:10)
  Pikel (D:7)
  An ugly thing (D:11)
  A centaur zombie (D:10)
  A gargoyle (D:11)
  A troll (D:9)
  4 hippogriffs
  A wraith (D:10)
  A spriggan (D:7)
  A wyvern (D:10)
  12 yaks
  A basilisk (D:11)
  A water moccasin (D:7)
  An eye of draining (D:8)
  3 orc warriors
  2 phantoms (D:5)
  5 sky beasts
  2 black bears (D:11)
  9 wolves (IceCv)
  8 centaurs
  13 ogres
  2 crocodiles
  5 big kobolds
  10 bullfrogs
  3 gnoll sergeants (D:9)
  3 scorpions
  24 killer bees
  4 wights
  3 howler monkeys (D:8)
  3 jellies
  4 crimson imps
  3 bullfrog zombies (D:10)
  7 orc wizards
  A quasit (D:11)
  A bullfrog skeleton (D:4)
  6 hounds
  3 orc priests
  3 centaur skeletons
  5 iguanas
  6 worker ants
  3 killer bee zombies
  A hound skeleton (D:4)
  2 worker ant zombies
  9 gnolls
  12 adders
  5 shadow imps
  8 oozes
  An adder skeleton (D:4)
  An adder zombie (D:4)
  4 worms
  A dart slug (D:1)
  3 leopard geckos
  34 orcs
  7 bats
  3 giant cockroaches
  8 goblins
  7 hobgoblins
  3 jackals (D:3)
  5 quokkas
  A frilled lizard (D:2)
  19 kobolds
  A quokka zombie (D:9)
  5 rats
316 creatures vanquished.

Vanquished Creatures (collateral kills)
  A death yak (D:11)
  A skeletal warrior (D:11)
  A cyclops (D:11)
  A gargoyle (D:11)
  A queen bee (D:11)
  A hippogriff (D:11)
  An eye of draining (D:11)
  9 killer bees (D:11)
  An orc wizard (D:11)
  A worker ant (D:11)
18 creatures vanquished.

Vanquished Creatures (others)
  3 flying skulls
  A hippogriff zombie (D:12)
  A hippogriff skeleton (D:11)
  A queen bee zombie (D:11)
  A basilisk zombie (D:11)
  4 centaur zombies (D:11)
  A crocodile zombie (D:11)
  4 killer bee zombies (D:11)
  An orc skeleton (D:11)
  2 fungi
  8 toadstools (D:2)
27 creatures vanquished.

Grand Total: 361 creatures vanquished

Notes
Turn   | Place    | Note
-------+----------+-------------------------------------------
     0 | D:1      | Aviak the Tengu Ice Elementalist began the quest for the
                  | Orb.
     0 | D:1      | Reached XP level 1. HP: 10/10 MP: 4/4
   220 | D:1      | Reached skill level 1 in Fighting
   220 | D:1      | Reached XP level 2. HP: 7/16 MP: 6/6
   727 | D:1      | Reached skill level 3 in Dodging
   733 | D:1      | Reached XP level 3. HP: 14/20 MP: 3/7
  1524 | D:2      | Found a basalt altar of Yredelemnul.
  2079 | D:2      | Reached XP level 4. HP: 19/26 MP: 4/8
  2438 | D:2      | Gained mutation: You can fly continuously. [Tengu growth]
  2438 | D:2      | Reached XP level 5. HP: 26/31 MP: 6/10
  3090 | D:3      | Reached skill level 4 in Dodging
  3448 | D:3      | Reached XP level 6. HP: 37/37 MP: 6/11
  3625 | D:2      | Became a worshipper of Yredelemnul the Dark
  4297 | D:4      | Found a shadowy altar of Dithmenos.
  4541 | D:4      | Found Canuggom's Food Shop.
  4581 | D:4      | Found the +7 Spriggan's Knife {stab, EV+4 Stlth+}
  4599 | D:4      | Learned a level 3 spell: Frozen Ramparts
  4604 | D:4      | Reached skill level 1 in Invocations
  4604 | D:4      | Reached skill level 5 in Dodging
  4604 | D:4      | Reached XP level 7. HP: 42/42 MP: 12/12
  5002 | D:5      | Entered Level 5 of the Dungeon
  5034 | D:5      | Found an opulent altar of Gozag.
  5111 | D:5      | Found Kontec's Food Shop.
  5725 | D:5      | Reached XP level 8. HP: 35/48 MP: 13/13
  5840 | D:5      | Noticed an Executioner
  5841 | D:5      | Found a burning altar of Makhleb.
  5900 | D:5      | Found a faded altar of an unknown god.
  5900 | D:5      | Found a bloodstained altar of Trog.
  5905 | D:5      | Found a blossoming altar of Fedhas.
  5907 | D:5      | Found a faded altar of an unknown god.
  5909 | D:5      | Found a radiant altar of Vehumet.
  5938 | D:5      | Found a glowing silver altar of Zin.
  5939 | D:5      | Noticed an angel
  6549 | D:6      | Reached skill level 5 in Ice Magic
  6710 | D:6      | Learned a level 3 spell: Ozocubu's Armour
  6790 | D:6      | Reached skill level 6 in Dodging
  6808 | D:6      | Reached skill level 5 in Fighting
  6956 | D:6      | Reached * piety under Yredelemnul
  7872 | D:7      | Noticed a spriggan baker
  7876 | D:7      | Killed a spriggan baker
  7886 | D:7      | Noticed Pikel
  7894 | D:7      | Killed Pikel
  7894 | D:7      | Reached skill level 7 in Dodging
  7894 | D:7      | Reached XP level 9. HP: 43/55 MP: 1/14
  8223 | D:7      | Found a flagged portal.
  8253 | Bailey   | Entered a bailey
  8432 | Bailey   | Noticed an orc knight
  8437 | Bailey   | Noticed an orc knight
  8761 | D:7      | Found a staircase to the Ecumenical Temple.
  9062 | D:7      | Reached skill level 5 in Invocations
  9286 | D:7      | Learned a level 4 spell: Hailstorm
  9502 | D:8      | Reached skill level 8 in Dodging
  9502 | D:8      | Reached skill level 1 in Conjurations
  9603 | D:8      | Noticed a four-headed hydra
  9625 | D:8      | Killed a four-headed hydra
  9625 | D:8      | Reached XP level 10. HP: 32/63 MP: 6/15
 10031 | D:8      | Noticed a two-headed ogre
 10049 | D:8      | Killed a two-headed ogre
 10049 | D:8      | Reached skill level 9 in Dodging
 10049 | D:8      | Reached skill level 5 in Conjurations
 10093 | D:8      | Reached ** piety under Yredelemnul
 10594 | D:9      | Found a sparkling altar of Nemelex Xobeh.
 11836 | D:9      | Reached skill level 10 in Dodging
 11836 | D:9      | Reached XP level 11. HP: 69/69 MP: 12/16
 11925 | D:9      | Found a staircase to the Orcish Mines.
 11959 | D:9      | Reached *** piety under Yredelemnul
 12510 | D:10     | Entered Level 10 of the Dungeon
 12580 | D:10     | Reached skill level 1 in Polearms
 12736 | D:10     | Killed an unseen horror
 13014 | D:10     | Noticed an orange crystal statue
 13082 | D:10     | Found a transporter.
 13098 | D:10     | Noticed Raspi's ghost (novice MfSk)
 13143 | D:10     | Found a transporter.
 13199 | D:10     | Reached skill level 11 in Dodging
 13316 | D:10     | You are sucked into a shaft and drop 1 floor!
 13539 | D:11     | Received a gift from Yredelemnul (3 flying skulls)
 13543 | D:11     | Reached skill level 10 in Fighting
 13849 | D:11     | Reached **** piety under Yredelemnul
 13902 | D:11     | You are sucked into a shaft and drop 2 floors!
 13906 | D:13     | Noticed Snorg
 13918 | D:13     | Killed Snorg
 14000 | D:13     | Noticed a cyclops
 14011 | D:12     | Noticed a skeletal warrior
 14022 | D:12     | Gained mutation: You have a pair of small antennae on your
                  | head. [potion of mutation]
 14022 | D:12     | Gained mutation: You possess an exceptional clarity of
                  | mind. [potion of mutation]
 14022 | D:12     | Gained mutation: You have supernaturally acute eyesight.
                  | (SInv) [potion of mutation]
 14032 | D:12     | Killed a skeletal warrior
 14032 | D:12     | Reached skill level 5 in Polearms
 14118 | D:12     | Noticed an unseen horror
 14120 | D:12     | Noticed a skeletal warrior
 14120 | D:12     | Noticed a skeletal warrior
 14120 | D:12     | Noticed a skeletal warrior
 14120 | D:12     | Noticed a skeletal warrior
 14130 | D:12     | Noticed a two-headed ogre
 14134 | D:12     | Reached XP level 12. HP: 78/78 MP: 17/17
 14141 | D:12     | Killed a two-headed ogre
 14916 | D:11     | Noticed Harold
 15065 | D:11     | Found a staircase to the Lair.
 15066 | D:11     | Noticed a death yak
 15086 | D:11     | Killed a death yak
 15086 | D:11     | Reached skill level 12 in Dodging
 15887 | D:11     | Noticed a two-headed ogre
 15903 | D:11     | Killed Harold
 15906 | D:11     | Killed a two-headed ogre
 16611 | Lair:1   | Entered Level 1 of the Lair of Beasts
 16611 | Lair:1   | Found a frozen archway.
 16619 | IceCv    | Entered an ice cave
 16754 | IceCv    | Reached skill level 1 in Shields
 16777 | IceCv    | HP: 1/80 [polar bear (26)]
 16777 | IceCv    | Slain by a polar bear

Illustrated notes

Levels and vault maps discovered:
D:1:      lightli_arrival_statuegarden, layout_loops_ring
D:2:      cheibrodos_fertilizer, layout_rooms, old_standard_altar
D:3:      layout_loops_ring, first_ration
D:4:      layout_basic, serial_shops, shop, nicolae_dithmenos_shadow_blocks
D:5:      layout_gridville, grunt_gozag_breadcrumbs,
          chequers_temple_overflow_minitemple,
          grunt_temple_overflow_order_and_chaos_2, serial_shops,
          nicolae_shop_statue_plus
D:6:      layout_basic
D:7:      layout_layer_cave, minmay_temple_entry_glass, enter_bailey_2,
          the_bakery, uniq_pikel
D:8:      layout_cave_pools
D:9:      layout_cave_pools, nemelex_xobeh_ov_fountains_minmay,
          kennysheep_orc_monster_closet_entryway
D:10:     minmay_separated_statues, layout_irregular_city, gammafunk_ghost_hive
D:11:     layout_stronghold, david_lair_generic, serial_co_window_serial,
          co_window_corner_a, co_window_paths_a, co_window_paths_b,
          co_window_paths_a, co_window_paths_b, co_window_corner_a,
          co_window_cross_1, co_window_of_opportunity_a,
          co_window_of_opportunity_a, co_window_cross_4, co_window_cross_4,
          co_window_corner_b, co_window_cross_4, co_window_unsneaky_path_b,
          glass_columns_b, glass_columns_c, glass_columns_a, glass_columns_c,
          minivault_7, uniq_harold
D:12:     minmay_guarded_unrand_guard, layout_basic, uniq_frances
D:13:     minmay_the_grid_octo_tiled_octocenter_mashed
          [minmay_the_grid_octo_teeth, minmay_the_grid_octo_77,
          minmay_the_grid_octo_clover_2, minmay_the_grid_octo_odd_swirl,
          minmay_the_grid_octo_prize_big_c, minmay_the_grid_square_5x5_percent,
          minmay_the_grid_square_5x5_gyroscope, minmay_the_grid_square_5x5_z,
          minmay_the_grid_square_5x5_inner_i], layout_long_grid,
          chequers_mini_garden, uniq_snorg
Lair:1:   layout_loops_ring, portal_ice_cave_entry_pillars_1,
          gammafunk_ghost_split, minivault_26, lemuel_fruit_fields,
          infiniplex_staircase_pool_2, uniq_nergalle
IceCv:    ice_cave_caverns_03

Skill      XL: |  1  2  3  4  5  6  7  8  9 10 11 12 |
---------------+-------------------------------------+-----
Fighting       | 1 2 3 4 6 7 8 10 11 | 11.3
Dodging        | 3 4 5 7 8 10 11 12 | 12.5
Spellcasting   | 3 |  3.2
Ice Magic      | 4 6 |  6.6
Invocations    | 1 2 4 5 |  5.1
Conjurations   | 3 7 8 |  8.0
Polearms       | 5 7 |  7.6
Shields        | 1 |  1.3
Stealth        | |  2.0

Action                   |  1- 3 |  4- 6 |  7- 9 | 10-12 || total
-------------------------+-------+-------+-------+-------++-------
Melee: Dagger            |    28 |       |       |       ||    28
       Kick              |    13 |    20 |    58 |   185 ||   276
       Unarmed           |     2 |       |       |       ||     2
       Peck              |     6 |     9 |    39 |   120 ||   174
       Spear             |    27 |    91 |   169 |   451 ||   738
       Whip              |       |       |    55 |   186 ||   241
 Cast: Freeze            |    45 |    63 |    84 |    17 ||   209
       Frozen Ramparts   |       |       |    12 |    46 ||    58
       Ozocubu's Armour  |       |       |       |     3 ||     3
       Hailstorm         |       |       |       |    10 ||    10
Invok: Animate Dead      |       |       |       |     9 ||     9
       Injury Mirror     |       |       |       |     4 ||     4
       Recall Undead Sla |       |       |       |     1 ||     1
 Abil: Fly               |       |     1 |       |       ||     1
Evoke: Wand              |       |     3 |    24 |     4 ||    31
  Use: Potion            |       |     2 |     8 |     6 ||    16
       Scroll            |       |       |     7 |     3 ||    10
 Stab: Sleeping          |     2 |     2 |     4 |     3 ||    11
       Distracted        |       |       |       |     2 ||     2
  Eat: Chunk             |     3 |     3 |     8 |    16 ||    30
       Ration            |       |     2 |     2 |     5 ||     9
Armor: Robe              |     3 |       |       |    31 ||    34
       Leather armour    |    13 |    12 |    43 |    15 ||    83
       Skin              |       |     7 |    19 |       ||    26
       Troll leather arm |       |       |       |    15 ||    15
       Swamp dragon scal |       |       |       |    15 ||    15
Dodge: Dodged            |    53 |    86 |   281 |   584 ||  1004
Block: Other             |       |       |       |    83 ||    83
       Kite shield       |       |       |       |    44 ||    44
       Reflection        |       |       |       |     3 ||     3
